 Dungeon Crawl Stone Soup version 0.20-a0-1122-gb7cbeb9 (webtiles) character file.

775 Amnesiac the Chiller (level 7, -14/36 HPs)
             Began as a Deep Elf Ice Elementalist on May 15, 2017.
             Demolished by a mummy (17 damage)
             ... in an ossuary.
             The game lasted 00:09:30 (3511 turns).

Amnesiac the Chiller (Deep Elf Ice Elementalist)    Turns: 3511, Time: 00:09:30

Health: -14/36     AC:  3    Str:  5    XL:     7   Next: 54%
Magic:  0/15       EV: 13    Int: 22    God:
Gold:   163        SH:  0    Dex: 15    Spells: 2/14 levels left

rFire    . . .     SeeInvis .   l - +0 whip (elec)
rCold    . . .     Gourm    .   (no shield)
rNeg     . . .     Faith    .   a - +1 robe
rPois    .         Spirit   .   (no helmet)
rElec    .         Reflect  .   (no cloak)
rCorr    .         Harm     .   (no gloves)
MR       .....                  (no boots)
Stlth    +++.......             u - amulet of inaccuracy
Regen    0.2/turn               v - ring of stealth
MPRegen  0.2/turn               (no ring)

@: hasted (expiring), very quick
A: MP-powered wands
a: no special abilities


You were in an ossuary.
You were full.

You visited 1 branch of the dungeon, and saw 4 of its levels.
You also visited: Ossuary.

You collected 163 gold pieces.

Inventory:

Hand Weapons
 l - a +0 whip of electrocution (weapon)
Missiles
 g - 27 poisoned needles
 r - 8 needles of sleeping
Armour
 a - a +1 robe (worn)
Jewellery
 u - an amulet of inaccuracy (around neck)
 v - a ring of stealth (left hand)
Wands
 k - a wand of polymorph (0/24)
 s - a wand of flame (45/48)
 t - a wand of polymorph (9/24)
Scrolls
 f - a scroll of noise {!r}
 o - a scroll of enchant armour {!r}
Books
 b - a book of Frost

   Spells                             Type                      Level
   a - Freeze                         Ice                          1
   b - Throw Frost                    Conjuration/Ice              2
   c - Ozocubu's Armour               Charms/Ice                   3
   d - Throw Icicle                   Conjuration/Ice              4
   e - Summon Ice Beast               Ice/Summoning                4
Comestibles
 c - 4 bread rations
 q - 2 fruits


   Skills:
 - Level 2.4 Dodging
 - Level 2.4 Stealth
 - Level 4.2 Spellcasting
 - Level 5.1 Conjurations
 + Level 7.9 Ice Magic


You had 2 spell levels left.
You knew the following spells:

 Your Spells              Type           Power        Failure   Level  Hunger
a - Freeze                Ice            ####         1%          1    None
b - Ozocubu's Armour      Chrm/Ice       ###.....     6%          3    ##.....
c - Summon Ice Beast      Ice/Summ       ###.....     21%         4    ####...
d - Throw Icicle          Conj/Ice       ####....     7%          4    ####...


Dungeon Overview and Level Annotations

Branches:
Dungeon (4/15)
 Temple: D:4-7

Altars:
Qazlal
Trog
Vehumet

Annotations:
D:4 1 runed door


Innate Abilities, Weirdness & Mutations

You expend magic power (3 MP) to strengthen your wands.


Message History

A hobgoblin zombie comes into view. 2 mummies and a zombie come into view.
Really quaff
p - a bubbling coppery potion {!q}?
It was a potion of magic {!q}.
Magic courses through your body.
You barely miss the gnoll zombie.
The gnoll zombie is moderately damaged.
You barely miss the gnoll zombie.
The gnoll zombie is moderately damaged.
The gnoll zombie misses you. 2 mummies and a zombie come into view.
The orc zombie barely misses you.
Casting: Freeze
Confirm with . or Enter, or press ? or * to list all spells.
Aiming: Throw Icicle
Press: ? - help, Shift-Dir - straight line, f - gnoll zombie
Aim: a gnoll zombie (moderately damaged)
The shard of ice hits the gnoll zombie.
The gnoll zombie partially resists.
You destroy the gnoll zombie!
Casting: Throw Icicle
Confirm with . or Enter, or press ? or * to list all spells.
Aiming: Throw Icicle
Press: ? - help, Shift-Dir - straight line, f - orc zombie
Aim: an orc zombie (heavily damaged)
The shard of ice hits the orc zombie.
The orc zombie partially resists.
You destroy the orc zombie!
Casting: Throw Icicle
Confirm with . or Enter, or press ? or * to list all spells.
Aiming: Throw Icicle
Press: ? - help, Shift-Dir - straight line, f - kobold zombie
Aim: a kobold zombie The shard of ice hits the kobold zombie.
The kobold zombie partially resists.
You destroy the kobold zombie!
Casting: Throw Icicle
Confirm with . or Enter, or press ? or * to list all spells.
You don't have enough magic to cast that spell.
You aren't carrying any potions.
Unknown command.
Really read
e - a scroll of immolation {!r}?
As you read the scroll of immolation {!r}, it crumbles to dust.
The creatures around you are filled with an inner flame!
You are starting to lose your buoyancy.
Casting: Throw Icicle
Confirm with . or Enter, or press ? or * to list all spells.
Aiming: Throw Icicle
Press: ? - help, Shift-Dir - straight line, f - mummy
Aim: a mummy (inner flame)
The shard of ice hits the mummy.
The mummy partially resists.
The mummy is heavily damaged.
Unknown command.
Casting: Throw Icicle
Confirm with . or Enter, or press ? or * to list all spells.
You don't have enough magic to cast that spell.
There is a gate leading back out of this place, spattered with blood here.
There is an empty arch of ancient stone here.
You see here a -2 whip.
There is a gate leading back out of this place, spattered with blood here.
You closely miss the mummy.
The mummy is heavily damaged.
Your extra speed is starting to run out.
You barely miss the mummy.
The mummy is heavily damaged.
You float gracefully downwards.
The mummy hits you!
You die...

#....#
#....#
#....#
#....#
#.M..#
#....#
#Z...#
#ZMM.#
#@∩).#
######


You could see 3 mummies, a hobgoblin zombie (inner flame) and a big kobold
zombie (inner flame).

Vanquished Creatures
  Pikel (D:4)
  2 slaves (D:4)
  An orc wizard (D:3)
  3 orc priests
  Jessica (D:3)
  Terence (D:3)
  A mummy (D:4)
  4 adders
  An ooze (D:3)
  4 worms
  2 dart slugs
  2 leopard geckos
  8 orcs
  2 giant cockroaches (D:2)
  6 goblins
  13 hobgoblins
  2 jackals (D:3)
  11 kobolds
  A quokka (D:2)
  2 ball pythons
  6 bats
  5 frilled lizards
  2 gnoll zombies (Ossuary)
  3 kobold zombies
  An orc zombie (Ossuary)
  9 rats
94 creatures vanquished.

Vanquished Creatures (others)
  4 toadstools (D:1)
4 creatures vanquished.

Grand Total: 98 creatures vanquished

Notes
Turn   | Place    | Note
-------+----------+-------------------------------------------
     0 | D:1      | Amnesiac the Deep Elf Ice Elementalist began the quest for the Orb.
     0 | D:1      | Reached XP level 1. HP: 10/10 MP: 6/6
   255 | D:1      | Reached XP level 2. HP: 15/15 MP: 4/8
   508 | D:1      | Reached skill level 4 in Ice Magic
   678 | D:2      | Reached XP level 3. HP: 19/19 MP: 1/10
   683 | D:2      | Learned a level 3 spell: Ozocubu's Armour
   798 | D:2      | Found a faded altar of an unknown god.
  1421 | D:2      | Found a bloodstained altar of Trog.
  1427 | D:2      | Found a radiant altar of Vehumet.
  1463 | D:2      | Reached XP level 4. HP: 14/24 MP: 10/12
  1469 | D:2      | Learned a level 4 spell: Throw Icicle
  2002 | D:3      | Noticed Terence
  2034 | D:3      | Killed Terence
  2244 | D:3      | Reached XP level 5. HP: 25/28 MP: 11/13
  2711 | D:3      | Noticed Jessica
  2715 | D:3      | Killed Jessica
  2817 | D:4      | Found a stormy altar of Qazlal.
  2836 | D:4      | Reached skill level 5 in Conjurations
  2836 | D:4      | Reached XP level 6. HP: 11/32 MP: 6/14
  2856 | D:4      | Noticed a slave
  2859 | D:4      | Noticed Pikel
  2969 | D:4      | Reached skill level 5 in Ice Magic
  2976 | D:4      | Learned a level 4 spell: Summon Ice Beast
  2988 | D:4      | Noticed a slave
  3002 | D:4      | Killed a slave
  3235 | D:4      | Killed a slave
  3286 | D:4      | Found a sand-covered staircase.
  3306 | D:4      | Found a runed door.
  3391 | D:4      | Killed Pikel
  3391 | D:4      | Reached skill level 7 in Ice Magic
  3391 | D:4      | Reached XP level 7. HP: 11/36 MP: 2/15
  3413 | Ossuary  | Entered an ossuary
  3478 | Ossuary  | HP: 1/36 [orc zombie (2)]
  3482 | Ossuary  | Gained mutation: You expend magic power (3 MP) to strengthen your wands. [potion of mutation]
  3482 | Ossuary  | Gained mutation: You are clumsy. (Dex -2) [potion of mutation]
  3482 | Ossuary  | Lost mutation: You are clumsy. (Dex -2) [potion of mutation]
  3511 | Ossuary  | Demolished by a mummy

Vault maps used:
D:1:      ldierk_walled_garden_2, minmay_misc_feat_tower
D:2:      amethyst_overflow_temple_binary, chequers_ecumenical_altar_grove,
          first_bread, minmay_misc_feat_four_crosses, st_stairs_8,
          minmay_heptomino_h4
D:3:      corexii_hall_statues_l, uniq_jessica, uniq_terence
D:4:      lemuel_crystal_altar, kennysheep_mini, serial_corexii_hall,
          corexii_hall_statues_u, corexii_hall_statues_l,
          corexii_hall_statues_x, corexii_hall_statues_x,
          corexii_hall_statues_x, corexii_hall_statues_t,
          nicolae_ossuary_entry_giza, kennysheep_generic_room_11, uniq_pikel,
          uniq_menkaure, uniq_crazy_yiuf_cottage
Ossuary:  ossuary_tomb_3

Skill      XL: |  1  2  3  4  5  6 |
---------------+-------------------+-----
Ice Magic      | 4 7 |  7.9
Spellcasting   | 4 |  4.2
Conjurations   | 3 5 |  5.1
Dodging        | |  2.4
Stealth        | |  2.4

Action                   |  1- 3 |  4- 6 |  7- 9 || total
-------------------------+-------+-------+-------++-------
Melee: Unarmed           |       |    18 |       ||    18
       Whip              |       |     1 |    27 ||    28
 Cast: Freeze            |    63 |    80 |     5 ||   148
       Throw Icicle      |       |    14 |     4 ||    18
       Ozocubu's Armour  |       |     1 |       ||     1
Evoke: Wand              |       |     1 |       ||     1
  Use: Scroll            |       |     8 |     3 ||    11
       Potion            |       |       |     5 ||     5
  Eat: Chunk             |     1 |     7 |       ||     8
       Meat ration       |       |       |     1 ||     1
       Royal jelly       |       |       |     1 ||     1
Armor: Robe              |     5 |     8 |     9 ||    22
Dodge: Dodged            |    19 |    37 |    50 ||   106
